 Dungeon Crawl Stone Soup version 0.29-a0-284-gf9362112df (webtiles) character file.

Game seed: 9070032461868284226

19081 Vomitron the Timeless (level 12, -5/96 HPs)
             Began as a Demonspawn Gladiator on Mar 17, 2022.
             Was a High Priest of Cheibriados.
             Slain by a frost giant
             ... wielding a +1 battleaxe of freezing
              (11 damage)
             ... in an ice cave.
             The game lasted 00:29:31 (15271 turns).

Vomitron the Timeless (Demonspawn Gladiator)       Turns: 15271, Time: 00:29:32

Health: -5/96      AC: 39    Str: 32    XL:     12   Next: 33%
Magic:  4/20       EV: 11    Int: 24    God:    Cheibriados [*****.]
Gold:   527        SH:  0    Dex: 30    Spells: 11/11 levels left

rFire   . . .      SeeInvis .   u - +7 staff of the Meek {protect, meekguard}
rCold   . . .      Faith    .   (shield currently unavailable)
rNeg    . . .      Spirit   .   h - +0 plate armour
rPois   .          Reflect  .   c - +0 helmet
rElec   .          Harm     .   (no cloak)
rCorr   .          Rampage  .   (no gloves)
Will    .....                   A - +0 pair of boots
Stlth   ..........              D - amulet of magic regeneration
HPRegen 0.26/turn               (no ring)
MPRegen 0.57/turn               (no ring)

@: sanguine armoured, under a protective aura, flying, very slow
A: ignite blood 3, sanguine armour 2, weakness stinger 2
a: Renounce Religion, Bend Time, Temporal Distortion, Slouch, Step From Time


You were in an ice cave.
You worshipped Cheibriados.
Cheibriados was extremely pleased with you.
You visited 2 branches of the dungeon, and saw 13 of its levels.
You also visited: Sewer and Ice Cave.

You collected 688 gold pieces.
You spent 161 gold pieces at shops.

Inventory:

Hand Weapons
 t - a +1 hunting sling
 u - the +7 staff of the Meek (weapon) {protect, meekguard}
   (You found it on level 4 of the Dungeon)

   It grants its wielder temporary protection when it strikes (+7 to AC).
   It provides extra protection to wielders with little health.
 M - a +1 whip of venom
 Q - a +4 trident of venom
Missiles
 d - 4 throwing nets
 e - a javelin
 v - 38 poisoned darts (quivered)
 x - 4 silver boomerangs
Armour
 b - a +0 leather armour
 c - a +0 helmet (worn)
 h - a +0 plate armour (worn)
 j - a +1 chain mail of positive energy
 q - a +0 ring mail
 A - a +0 pair of boots (worn)
Jewellery
 a - a ring of flight
 D - an amulet of magic regeneration (around neck)
Wands
 m - a wand of acid (5)
 s - a wand of iceblast (59)
 y - a wand of polymorph (17)
 K - a wand of flame (20)
 N - a wand of paralysis (2)
Scrolls
 g - a scroll of enchant weapon
 r - 6 scrolls of teleportation
 B - 2 scrolls of fear
 G - 2 scrolls of blinking
 H - 2 scrolls of immolation
 I - a scroll of fog
 L - a scroll of amnesia
 O - a scroll of noise {unknown}
Potions
 f - a potion of invisibility
 i - 3 potions of berserk rage
 k - a potion of cancellation {unknown}
 l - 3 potions of resistance
 n - 7 potions of heal wounds
 o - 3 potions of attraction
 w - 2 potions of flight
 z - 5 potions of mutation
 C - 2 potions of magic
 E - 2 potions of curing
 F - a potion of might {unknown}
 J - a potion of degeneration {unknown}
 P - a potion of brilliance {unknown}


   Skills:
 + Level 9.5 Fighting
 - Level 4.9(8.2) Polearms
 + Level 10.3(10.8) Staves
 + Level 4.1(4.3) Slings
 - Level 1.7(3.1) Throwing
 + Level 8.1 Armour
 - Level 4.0 Dodging
 + Level 11.9 Invocations


You had 11 spell levels left.
You didn't know any spells.
Your spell library contained the following spells:

 Spells                   Type           Power      Damage    Failure   Level
 Corpse Rot               Necr/Air       0%         N/A       83%         2
 Poisonous Vapours        Pois/Air       0%         N/A       83%         2
 Passage of Golubria      Tloc           0%         N/A       100%        4
 Silence                  Hex/Air        0%         N/A       100%        5
 Lehudib's Crystal Spear  Conj/Erth      0%         10d2      100%        8


Dungeon Overview and Level Annotations

Branches:
Dungeon (11/15)            Temple (0/1) D:6            Lair (2/6) D:11
  Swamp (0/4) Lair:2          Orc (0/2) D:9           Sewer (visited)
  IceCv (1/1)
  Snake: Lair:2-4    Spider: Lair:2-4

Altars:
Ashenzari
Cheibriados
Dithmenos
Fedhas
Gozag
Hepliaklqana
Makhleb
Sif Muna
Trog
Yredelemnul

Shops:
D:6 ?   D:7 :   D:8 [

Annotations:
IceCv exclusion: ice statue


Innate Abilities, Weirdness & Mutations

Your demonic aura causes all spilled blood to erupt in flames.
When seriously injured, your blood forms thick armour. (AC +9)
You have a tail ending in a sharp stinger.


Message History

The frost giant is severely wounded.
The death yak gores you but does no damage.
The frost giant closely misses you.
Unknown command.
You hit the frost giant.
The frost giant is severely wounded.
The death yak barely misses you. The frost giant misses you.
You hit the frost giant.
You tail-slap the frost giant, but do no damage.
The frost giant is severely wounded.
The death yak gores you but does no damage.
The frost giant points at you and mumbles some strange words.
The bolt of cold hits you!!!
Your blood congeals into armour.
You hit the frost giant.
The frost giant is severely wounded.
Unknown command.
Activating: Slouch (1% risk of failure)
Press: ? - help, Dir - look around, f - activate You can feel time thicken for a moment.
Cheibriados lowers the support of your attributes as your movement quickens.
The death yak gores you but does no damage.
The frost giant hits you with a +1 battleaxe of freezing!
The frost giant freezes you.
* * * LOW HITPOINT WARNING * * *
Unknown command.
Unknown command.
You don't have enough magic at the moment.
Unknown command.
Unknown command.
Unknown command.
You hit the frost giant but do no damage.
You tail-slap the frost giant, but do no damage.
The frost giant is almost dead.
The death yak is engulfed in blazing flames.
You kill the death yak!
Cheibriados appreciates the change of pace.
The frost giant hits you with a +1 battleaxe of freezing!!
* * * LOW HITPOINT WARNING * * *
The frost giant freezes you!
You die...

......###
.......##
........##
#........#
#.......
##.†...#
..###..☼C.#
.......@#####
......☼#.≈≈≈#
#########≈≈≈#
#≈≈≈≈≈##
###≈≈≈.##
###.#.# ##.##
##..# ###
##..## ##..


You could see a frost giant.

Vanquished Creatures
  4 death yaks (IceCv)
  A bog body (Lair:2)
  Pikel (D:8)
  A torpor snail (Lair:2)
  A gargoyle (D:10)
  A cane toad (Lair:1)
  An unseen horror (D:7)
  3 rime drakes (IceCv)
  3 komodo dragons
  Maggie (D:6)
  2 trolls (D:11)
  4 polar bears (IceCv)
  A hornet (D:9)
  2 wraiths (D:11)
  2 wyverns
  2 shadows (D:9)
  24 yaks
  3 steam dragons
  2 basilisks
  3 vampire mosquitoes (D:10)
  4 water moccasins
  6 orc warriors
  3 black bears
  An ice beast (D:5)
  2 sky beasts (D:5)
  6 ogres
  6 wolves
  2 centaurs
  2 phantoms
  4 kobold brigands
  A gnoll sergeant (D:10)
  4 scorpions
  8 bullfrogs
  A necrophage (D:6)
  4 wights (D:7)
  20 killer bees
  An electric eel (D:9)
  3 howler monkeys
  A hound (D:4)
  3 jellies
  11 orc priests
  3 gnoll shamans
  Ijyb (D:4)
  An iguana (D:4)
  8 orc wizards
  6 ogre zombies (D:9)
  12 gnolls
  12 adders
  A shadow imp (D:5)
  15 white imps
  An ufetubus (D:4)
  3 worms
  A dart slug (D:3)
  41 orcs
  10 ball pythons
  6 endoplasms
  6 giant cockroaches
  9 goblins
  4 hobgoblins
  2 jackals (D:1)
  2 quokkas
  4 bats
  4 frilled lizards
  3 goblin zombies (D:9)
  2 hobgoblin skeletons (D:9)
  3 hobgoblin zombies (D:9)
  33 kobolds
  11 orc zombies (D:9)
  10 rats
369 creatures vanquished.

Vanquished Creatures (others)
  An orc (D:6)
  12 fungi
  14 plants
27 creatures vanquished.

Grand Total: 396 creatures vanquished

Notes
Turn   | Place    | Note
-------+----------+-------------------------------------------
     0 | D:1      | Vomitron the Demonspawn Gladiator began the quest for the
                  | Orb.
     0 | D:1      | Reached XP level 1. HP: 16/16 MP: 1/1
   256 | D:1      | Gained mutation: You have a small tail. [demonic ancestry]
   256 | D:1      | Reached XP level 2. HP: 22/22 MP: 2/2
   484 | D:1      | Found a snail-covered altar of Cheibriados.
   494 | D:1      | Became a worshipper of Cheibriados the Contemplative
  1026 | D:2      | Reached XP level 3. HP: 17/28 MP: 3/3
  1190 | D:2      | Reached skill level 1 in Invocations
  1491 | D:2      | Reached * piety under Cheibriados
  1607 | D:2      | Gained mutation: You have a tail ending in a sharp stinger.
                  | [demonic ancestry]
  1607 | D:2      | Reached XP level 4. HP: 24/34 MP: 5/5
  2351 | D:3      | Found a faded altar of an unknown god.
  2432 | D:3      | Reached skill level 2 in Invocations
  2582 | D:3      | Gained mutation: Your demonic aura sometimes causes spilled
                  | blood to erupt in flames. [demonic ancestry]
  2582 | D:3      | Reached XP level 5. HP: 39/40 MP: 6/6
  2610 | D:3      | Reached ** piety under Cheibriados
  3079 | D:4      | Noticed an ogre
  3089 | D:4      | Killed an ogre
  3344 | D:4      | Reached skill level 3 in Invocations
  3537 | D:4      | Noticed an ogre
  3548 | D:4      | Killed an ogre
  3549 | D:4      | Gained mutation: When seriously injured, your blood forms
                  | armour. (AC +9) [demonic ancestry]
  3549 | D:4      | Reached XP level 6. HP: 9/47 MP: 4/8
  3812 | D:4      | Noticed Ijyb
  3829 | D:4      | Killed Ijyb
  3880 | D:4      | Reached skill level 1 in Armour
  4248 | D:4      | Reached skill level 4 in Invocations
  4248 | D:4      | Reached XP level 7. HP: 30/53 MP: 8/10
  4410 | D:4      | Found the +7 staff of the Meek {protect, meekguard}
  4702 | D:5      | Entered Level 5 of the Dungeon
  4715 | D:5      | Reached skill level 1 in Staves
  4888 | D:5      | Reached *** piety under Cheibriados
  4889 | D:5      | Reached skill level 5 in Invocations
  4954 | D:5      | Gained mutation: When seriously injured, your blood forms
                  | thick armour. (AC +9) [demonic ancestry]
  4954 | D:5      | Reached XP level 8. HP: 61/61 MP: 11/11
  5323 | D:5      | Reached skill level 5 in Fighting
  5677 | D:6      | Found a staircase to the Ecumenical Temple.
  5696 | D:6      | Reached skill level 6 in Invocations
  5702 | D:6      | Found a glowing drain.
  5711 | Sewer    | Entered a sewer
  5862 | Sewer    | Reached **** piety under Cheibriados
  6129 | D:6      | Noticed Maggie
  6147 | D:6      | Killed Maggie
  6148 | D:6      | Reached skill level 5 in Staves
  6148 | D:6      | Reached XP level 9. HP: 33/69 MP: 8/14
  6187 | D:6      | Reached skill level 7 in Invocations
  6588 | D:6      | Found Bidew's Magic Scroll Boutique.
  6593 | D:6      | Bought a scroll of blinking for 105 gold pieces
  6593 | D:6      | Bought a scroll of identify for 28 gold pieces
  6593 | D:6      | Bought a scroll of identify for 28 gold pieces
  6773 | D:7      | Found Iquracs's Book Emporium.
  7143 | D:7      | Found a hazy altar of Hepliaklqana.
  7147 | D:7      | Found a bloodstained altar of Trog.
  7349 | D:7      | Found a burning altar of Makhleb.
  7349 | D:7      | Noticed a blizzard demon
  7399 | D:7      | Killed an unseen horror
  7539 | D:8      | Reached skill level 5 in Armour
  7808 | D:8      | Reached ***** piety under Cheibriados
  7809 | D:8      | Reached skill level 8 in Invocations
  8170 | D:8      | Found Jouzeakh's Armour Emporium.
  8174 | D:8      | Reached XP level 10. HP: 77/77 MP: 16/16
  8301 | D:8      | Found a shadowy altar of Dithmenos.
  8553 | D:8      | Noticed Pikel
  8566 | D:8      | Killed Pikel
  9731 | D:9      | Reached skill level 9 in Invocations
  9908 | D:9      | Found a staircase to the Orcish Mines.
 10092 | D:9      | Found a broken altar of Ashenzari.
 10095 | D:9      | Found an opulent altar of Gozag.
 10559 | D:9      | Identified the +3 ring mail of Caiffesu {Stlth+}
 10761 | D:10     | Entered Level 10 of the Dungeon
 10829 | D:10     | Reached ****** piety under Cheibriados
 10830 | D:10     | Gained mutation: Your demonic aura often causes spilled
                  | blood to erupt in flames. [demonic ancestry]
 10830 | D:10     | Reached XP level 11. HP: 86/86 MP: 18/18
 11032 | D:10     | Reached skill level 10 in Invocations
 11291 | D:10     | Found a basalt altar of Yredelemnul.
 11384 | D:10     | Found a blossoming altar of Fedhas.
 11384 | D:10     | Found a shimmering blue altar of Sif Muna.
 12748 | D:11     | Found a staircase to the Lair.
 13371 | Lair:1   | Entered Level 1 of the Lair of Beasts
 13629 | Lair:1   | Reached skill level 1 in Slings
 13970 | Lair:1   | Found a shadowy altar of Dithmenos.
 14206 | Lair:2   | Found a staircase to the Swamp.
 14206 | Lair:2   | Noticed a bog body
 14216 | Lair:2   | Killed a bog body
 14225 | Lair:2   | Reached skill level 11 in Invocations
 14337 | Lair:2   | Found a frozen archway.
 14618 | IceCv    | Entered an ice cave
 14647 | IceCv    | Reached skill level 10 in Staves
 14647 | IceCv    | Gained mutation: Your demonic aura causes all spilled blood
                  | to erupt in flames. [demonic ancestry]
 14647 | IceCv    | Reached XP level 12. HP: 87/95 MP: 20/20
 14656 | IceCv    | Noticed a death yak
 14667 | IceCv    | Killed a death yak
 14769 | IceCv    | Noticed a death yak
 14770 | IceCv    | Noticed a death yak
 14779 | IceCv    | Killed a death yak
 14787 | IceCv    | Killed a death yak
 15260 | IceCv    | Noticed a frost giant
 15260 | IceCv    | Noticed a death yak
 15271 | IceCv    | Killed a death yak
 15271 | IceCv    | Slain by a frost giant

Illustrated notes

Levels and vault maps discovered:
D:1:      arrival_zaba_pyramid, layout_basic, serial_forest,
          infiniplex_forest_clump_curved, infiniplex_forest_lined_3_way,
          infiniplex_forest_clump_medium, infiniplex_forest_straight_3,
          infiniplex_forest_lined_ring, infiniplex_forest_clump_tiny,
          infiniplex_forest_lined_1, infiniplex_forest_straight_1,
          kennysheep_flooded_box
D:2:      layout_basic, corexii_item_surrounded_by_moat
D:3:      layout_rooms, hellmonk_ecumenical_altar_leap_of_faith
D:4:      layout_basic, st_stairs_11, kennysheep_cluttered_room, minmay_vboxes,
          uniq_ijyb
D:5:      layout_basic, serial_glass, glass_columns_c, glass_columns_b,
          minmay_strange_pillars, due_unseen_surprise, minmay_strange_pillars,
          feat_on_display
D:6:      layout_rooms, minmay_temple_entry_steel_oval, serial_shops,
          kennysheep_little_box, portal_sewer_entry_d,
          kennysheep_generic_room_4, uniq_maggie
D:7:      layout_rooms, nicolae_overflow_hidden_temple,
          makhleb_altar_promises_db, serial_shops, shop_fountains,
          lemuel_old_faithful
D:8:      layout_loops_corners, nicolae_dithmenos_the_darkroom, serial_shops,
          shop, minmay_stone_trees_small, uniq_pikel
D:9:      statuecave_lemuel, layout_loops_ring,
          gammafunk_temple_overflow_statue, zombieorc1_lemuel
D:10:     layout_grid_maze, mainiacjoe_overflow_six_doors_small,
          gammafunk_temple_overflow_wave
D:11:     layout_stronghold, grunt_lair_entry_orc_guard_hut
Lair:1:   layout_gridlike, basic_altar
Lair:2:   layout_chaotic_city, skrybe_swamp_entry_bodies,
          portal_ice_cave_entry_imps, lemuel_fruit_fields
IceCv:    ice_cave_small_giant

Skill      XL: |  1  2  3  4  5  6  7  8  9 10 11 12 |
---------------+-------------------------------------+-----
Polearms       | 3 4 |  4.9
Dodging        | 3 4 |  4.0
Invocations    | 1 2 3 4 5 6 8 9 11 | 11.9
Fighting       | 3 4 5 6 7 9 |  9.5
Armour         | 1 2 4 5 6 7 8 |  8.1
Staves         | 2 5 6 8 10 | 10.3
Slings         | 3 4 |  4.1
Throwing       | |  1.7

Action                   |  1- 3 |  4- 6 |  7- 9 | 10-12 || total
-------------------------+-------+-------+-------+-------++-------
Melee: Trident           |    19 |       |       |       ||    19
       Dagger            |   103 |   110 |    12 |       ||   225
       Tailslap          |    11 |    20 |    39 |    66 ||   136
       Punch             |     1 |     1 |       |       ||     2
       Unarmed           |       |    11 |       |       ||    11
       Quarterstaff      |       |       |   280 |   444 ||   724
 Fire: Hunting sling     |    11 |    63 |     5 |     4 ||    83
Throw: Dart              |       |     5 |       |       ||     5
Invok: Bend Time         |       |     2 |       |       ||     2
       Slouch            |       |       |     1 |     6 ||     7
Evoke: Wand              |       |       |     1 |     2 ||     3
  Use: Scroll            |       |     8 |     4 |     5 ||    17
       Potion            |       |       |       |     1 ||     1
 Stab: Sleeping          |     1 |       |       |       ||     1
Armor: Leather armour    |    20 |       |       |       ||    20
       Ring mail         |    19 |    24 |     7 |       ||    50
       Skin              |       |     1 |    11 |       ||    12
       Chain mail        |       |       |   122 |       ||   122
       Plate armour      |       |       |    40 |   249 ||   289
Dodge: Dodged            |    63 |    67 |   148 |   260 ||   538

Table legend: (Time is in decaauts)
 A = Elapsed time spent in this place.
 B = Non-inter-level travel time spent in this place.
 C = Inter-level travel time spent in this place.
 D = Time resting spent in this place.
 E = Time spent auto-exploring this place.
 F = Levels seen in this place.
 G = Mean time per level.
                   A        B        C        D        E       F      G
               +--------+--------+--------+--------+--------+-----+--------+
         Total |  21242 |  20573 |    669 |   4295 |  13298 |  15 | 1416.1 |
       Dungeon |  17953 |  17358 |    595 |   3528 |  11563 |  11 | 1632.1 |
          Lair |   2005 |   1932 |     73 |    307 |   1255 |   2 | 1002.5 |
         Sewer |    458 |    458 |      0 |     68 |    216 |   1 |  458.0 |
      Ice Cave |    824 |    824 |      0 |    392 |    264 |   1 |  824.0 |
               +--------+--------+--------+--------+--------+-----+--------+

Top non-repeatable levels by time:
     D:9: 2373 daAuts
     D:8: 2286 daAuts
     D:4: 2277 daAuts
    D:11: 2262 daAuts
    D:10: 1991 daAuts
     D:2: 1623 daAuts
  Lair:1: 1469 daAuts
     D:5: 1404 daAuts
     D:6: 1056 daAuts
     D:7: 1003 daAuts
     D:1: 887 daAuts
   IceCv: 824 daAuts
     D:3: 787 daAuts
  Lair:2: 536 daAuts
   Sewer: 458 daAuts
